 Dungeon Crawl Stone Soup version 0.31-a0-1008-g5b978dac0e (webtiles) character file.

Game seed: 1992800748417069651

172 night the Shooter (level 5, 0/94 HPs)
             Began as a Demigod Hunter on Nov 12, 2023.
             Succumbed to a scorpion's poison
             ... on level 3 of the Dungeon.
             The game lasted 00:04:45 (1951 turns).

night the Shooter (Demigod Hunter)                  Turns: 1951, Time: 00:04:45

Health: 0/94       AC: 26    Str: 12    XL:     5   Next: 5%
Magic:  7/7        EV:  2    Int: 11    God:
Gold:   120        SH:  0    Dex: 21    Spells: 4/4 levels left

rFire   . . .        a - +0 shortbow
rCold   . . .        (shield currently unavailable)
rNeg    . . .        c - melded +0 leather armour
rPois   +            (helmet currently unavailable)
rElec   .            (cloak currently unavailable)
rCorr   .            f - melded +0 pair of gloves
SInv    .            (boots currently unavailable)
Will    +....        (no amulet) Stlth
                     o - ring of willpower
HPRegen 0.35/turn    p - +4 ring of protection
MPRegen 0.10/turn

%: no passive effects
@: berserking, lethally poisoned (0 -> -4), tree-form, hasted, very quick
A: stationary, stasis, torment immunity, boosted hp, high MP 1, forlorn, divine
attributes
a: no special abilities


You were on level 3 of the Dungeon.
You were a tree.
You visited 1 branch of the dungeon, and saw 4 of its levels.

You collected 120 gold pieces.

Inventory:

Hand Weapons
 a - a +0 shortbow (weapon)
Missiles
 d - 20 stones
Armour
 c - a +0 leather armour (melded)
 f - a +0 pair of gloves (melded)
Jewellery
 o - a ring of willpower (left branch)
 p - a +4 ring of protection (right branch)
Wands
 k - a wand of iceblast (1)
Scrolls
 b - a scroll of butterflies
 h - a scroll of immolation {unknown}
 i - 2 scrolls of blinking {unknown}
 j - a scroll of summoning {unknown}
 m - a scroll of identify
 q - a scroll of fear
Potions
 e - a potion of berserk rage
 g - a potion of brilliance
 l - a potion of lignification


   Skills:
 - Level 2.6 Fighting
 * Level 5.3 Ranged Weapons
 + Level 2.5 Dodging
 - Level 0.8 Stealth


You had 4 spell levels left.
You didn't know any spells.
Your spell library contained the following spells:

 Spells                   Type           Power      Damage    Failure   Level
 Kiss of Death            Conj/Necr      0%         2d5       34%         1
 Confusing Touch          Hex            0%         N/A       71%         3
 Dispel Undead            Necr           0%         3d6       98%         4
 Iskenderun's Battlesphe  Conj           0%         2d6       100%        5
 Bombard                  Conj/Erth      0%         9d1       100%        6
 Spellforged Servitor     Conj/Summ      0%         N/A       100%        7


Dungeon Overview and Level Annotations

Branches:
Dungeon (4/15)
 Temple: D:4-7


Innate Abilities, Weirdness & Mutations

You are a tree.
Your roots penetrate the ground, keeping you stationary.
You cannot be teleported.
You are immune to unholy pain and torment.
Your maximum health is greatly increased.
Your equipment is partially melded.
You have an increased reservoir of magic. (+10% MP)
You shall have no god before yourself.
Your divine heritage dramatically boosts your attributes as you level up.


Message History

The scorpion stings you.
You are lethally poisoned!
The scorpion poisons you! The scorpion stings you.
* * * LOW HITPOINT WARNING * * *
Your Ranged Weapons skill increases to level 5!
It was a potion of lignification.
You turn into a tree.
Your +0 pair of gloves melds into your body.
Your +0 leather armour melds into your body.
Your roots penetrate the ground.
* * * LOW HITPOINT WARNING * * *
You feel very sick.
The scorpion stings you but does no damage.
It was a potion of haste.
You feel yourself speed up.
* * * LOW HITPOINT WARNING * * *
You feel very sick.
The scorpion stings you but does no damage.
You shoot an arrow.
The arrow hits the scorpion but does no damage.
The scorpion is severely wounded.
* * * LOW HITPOINT WARNING * * *
You feel sick.
The scorpion stings you but does no damage.
You shoot an arrow. The arrow hits the scorpion.
The scorpion is almost dead.
* * * LOW HITPOINT WARNING * * *
You feel sick. The scorpion stings you.
* * * LOW HITPOINT WARNING * * *
You shoot an arrow. The arrow hits the scorpion.
You kill the scorpion!
* * * LOW HITPOINT WARNING * * *
You feel sick.
You have reached level 5!
A red film seems to cover your vision as you go berserk!
You feel yourself moving faster!
You feel mighty!
* * * LOW HITPOINT WARNING * * *
You feel sick.
The jackal bites you but does no damage.
You hit the jackal!
You kill the jackal!
You die...

##############
#....#.......#
#.##.#.#####.#
#.##.#.# #.#
#†##.#.#####.#
#♣#......##..#####
#.#..#.#..........
#....#........###.
###.######...## #.
##########.# ##.##
#. #.......##.##
#.# #.
#.#####.#...# #.#
#. #.# #.......#
##'## ##
#.###.#.#...#
##...## #


There were no monsters in sight!

Vanquished Creatures
  A scorpion (D:3)
  An iron imp (D:3)
  4 adders
  2 worms (D:3)
  A dart slug (D:3)
  4 bats
  2 endoplasms
  4 giant cockroaches
  2 jackals (D:3)
  A quokka (D:3)
  3 ball pythons
  A frilled lizard (D:1)
  6 goblins
  6 kobolds
  7 rats
45 creatures vanquished.

Notes
Turn   | Place    | Note
-------+----------+-------------------------------------------
     0 | D:1      | night the Demigod Hunter began the quest for the Orb.
     0 | D:1      | Reached XP level 1. HP: 17/17 MP: 3/3
   213 | D:1      | Reached skill level 2 in Fighting
   262 | D:1      | Reached skill level 4 in Ranged Weapons
   262 | D:1      | Reached XP level 2. HP: 22/24 MP: 4/4
   827 | D:2      | Reached XP level 3. HP: 30/30 MP: 5/5
  1630 | D:3      | Reached skill level 2 in Dodging
  1630 | D:3      | Reached XP level 4. HP: 37/37 MP: 6/6
  1651 | D:3      | Identified the +1 robe of Robei {rElec rCorr Dex+2 Stlth-}
  1945 | D:3      | Reached skill level 5 in Ranged Weapons
  1946 | D:3      | HP: 8/55 [poisoned by a scorpion]
  1948 | D:3      | HP: 1/55 [scorpion (3)]
  1950 | D:3      | Reached XP level 5. HP: 1/42 MP: 7/7
  1951 | D:3      | Succumbed to a scorpion's poison

Illustrated notes

Levels and vault maps discovered:
D:1:      erik_arrival_orb_chamber, layout_loops_ring, minmay_cupped
D:2:      layout_rooms, minmay_pentomino_q2
D:3:      layout_loops_corners, mainiacjoe_overflow_six_doors_small,
          nemelex_diamond_rough_becter, slow_altar_1
D:4:      nicolae_cairo_tiling_large_dashed, layout_layer_cave,
          gup_ossuary_entry_pyramid, uniq_natasha

Skill      XL: |  1  2  3  4 |
---------------+-------------+-----
Fighting       | 2 |  2.6
Ranged Weapons | 4 5 |  5.3
Dodging        | 2 |  2.5
Stealth        | |  0.8

Action                     |  1- 3 |  4- 6 || total
---------------------------+-------+-------++-------
  Melee: Shortbow          |       |     1 ||     1
   Fire: Shortbow          |   108 |    22 ||   130
    Use: Scroll            |     6 |       ||     6
         Potion            |       |     3 ||     3
 Armour: Leather armour    |    31 |    17 ||    48
         Skin              |       |     5 ||     5
  Dodge: Dodged            |    24 |    13 ||    37

Table legend: (Time is in decaauts)
 A = Elapsed time spent in this place.
 B = Non-inter-level travel time spent in this place.
 C = Inter-level travel time spent in this place.
 D = Time resting spent in this place.
 E = Time spent auto-exploring this place.
 F = Levels seen in this place.
 G = Mean time per level.
                   A        B        C        D        E       F      G
               +--------+--------+--------+--------+--------+-----+--------+
         Total |   1978 |   1968 |     10 |      8 |   1646 |   4 |  494.5 |
       Dungeon |   1978 |   1968 |     10 |      8 |   1646 |   4 |  494.5 |
               +--------+--------+--------+--------+--------+-----+--------+

Top non-repeatable levels by time:
     D:3: 940 daAuts
     D:1: 743 daAuts
     D:2: 291 daAuts
     D:4: 3 daAuts
